 Dungeon Crawl Stone Soup version 0.28.0-53-g5a82cb258f (webtiles) character file.

Game seed: 3004706848161663170

59 safid the Skirmisher (level 4, -9/40 HPs)
             Began as a Hill Orc Fighter on Aug 18, 2022.
             Killed by nerve-wracking pain
             ... invoked by Grinder
              (11 damage)
             ... on level 3 of the Dungeon.
             The game lasted 00:01:49 (1476 turns).

safid the Skirmisher (Hill Orc Fighter)             Turns: 1476, Time: 00:01:50

Health: -9/40      AC:  8    Str: 20    XL:     4   Next: 3%
Magic:  4/4        EV:  9    Int:  8    God:
Gold:   102        SH:  4    Dex: 10    Spells: 3/3 levels left

rFire   . . .      SeeInvis .   a - +0 war axe
rCold   . . .      Faith    .   c - +0 buckler
rNeg    . . .      Spirit   .   b - +0 scale mail
rPois   .          Reflect  .   (no helmet)
rElec   .          Harm     .   (no cloak)
rCorr   +          Rampage  .   i - +0 pair of gloves
Will    .....                   (no boots)
Stlth   ..........              (no amulet)
HPRegen 0.13/turn               g - ring of resist corrosion
MPRegen 0.09/turn               (no ring)

@: no status effects
A: no striking features
a: no special abilities


You were on level 3 of the Dungeon.
You visited 1 branch of the dungeon, and saw 3 of its levels.

You collected 102 gold pieces.

Inventory:

Hand Weapons
 a - a +0 war axe (weapon)
Armour
 b - a +0 scale mail (worn)
 c - a +0 buckler (worn)
 i - a +0 pair of gloves (worn)
Jewellery
 g - a ring of resist corrosion (left hand)
Scrolls
 h - 3 scrolls of teleportation {unknown}
 j - a scroll of immolation {unknown}
 k - a scroll of identify {unknown}
 n - a scroll of amnesia {unknown}
Potions
 d - a potion of might
 e - a potion of heal wounds {unknown}
 f - 2 potions of mutation {unknown}
 l - a potion of resistance {unknown}
 m - a potion of curing {unknown}
 o - a potion of cancellation {unknown}


   Skills:
 - Level 4.0 Fighting
 + Level 3.7 Axes
 + Level 3.9 Armour
 - Level 4.0 Shields


You had 3 spell levels left.
You didn't know any spells.
Your spell library was empty.

Dungeon Overview and Level Annotations

Branches:
Dungeon (3/15)

Altars:
Kikubaaqudgha

Annotations:
D:3 Grinder


Message History

Okay, then.
You hit Grinder but do no damage.
Grinder is heavily wounded.
Grinder closely misses you.
You closely miss Grinder.
Grinder is heavily wounded.
Grinder says, "At least Makhleb appreciates what I'm doing."
Grinder barely misses you.
You slash Grinder!
Grinder is severely wounded.
Grinder hits you.
* * * LOW HITPOINT WARNING * * *
You block Grinder's attack.
You hit Grinder but do no damage.
Grinder is severely wounded.
Grinder hits you.
* * * LOW HITPOINT WARNING * * *
You writhe in agony.
* * * LOW HITPOINT WARNING * * *
You closely miss Grinder.
Grinder is severely wounded.
Grinder gestures at you. You resist with significant effort.
Unknown command.
You hit Grinder but do no damage.
Grinder is severely wounded.
Grinder hits you but does no damage. Grinder gestures at you.
You suddenly lose the ability to move!
Grinder barely misses you.
You can move again.
You hit Grinder but do no damage.
Grinder is severely wounded.
Grinder barely misses you.
Unknown command.
You hit Grinder.
Grinder is almost dead.
Grinder gestures at you. Pain shoots through your body!
You die...

####.....#.# ..
..........# ### #.
##.....#...#.... #
#.##<.###.#.....##.
##.###......>.<.†.......
>....[................#
........................
.............)........#.
......5@..........###...
.......†....#..#..... ..
...............#.#### #
#####.......#....#
#.......###### #.......#
#.......# ........#
........#


You could see Grinder.

Vanquished Creatures
  2 adders (D:2)
  A worm (D:2)
  2 dart slugs (D:2)
  5 bats
  An endoplasm (D:2)
  4 giant cockroaches
  3 goblins
  A hobgoblin (D:2)
  A kobold (D:2)
  2 quokkas (D:1)
  5 ball pythons
  2 frilled lizards (D:2)
  3 rats
  A spectral hobgoblin (D:1)
33 creatures vanquished.

Notes
Turn   | Place    | Note
-------+----------+-------------------------------------------
     0 | D:1      | safid the Hill Orc Fighter began the quest for the Orb.
     0 | D:1      | Reached XP level 1. HP: 19/19 MP: 1/1
   178 | D:1      | Reached XP level 2. HP: 24/27 MP: 2/2
   351 | D:1      | Found a faded altar of an unknown god.
   768 | D:2      | Reached XP level 3. HP: 33/33 MP: 3/3
   891 | D:2      | Found an ancient bone altar of Kikubaaqudgha.
  1450 | D:3      | Reached XP level 4. HP: 40/40 MP: 4/4
  1452 | D:3      | Noticed Grinder
  1461 | D:3      | Paralysed by Grinder for 4 turns
  1471 | D:3      | HP: 2/40 [Grinder (2)]
  1473 | D:3      | Paralysed by Grinder for 2 turns
  1476 | D:3      | Killed from afar by Grinder

Illustrated notes

Levels and vault maps discovered:
D:1:      mrwooster_arrival_statue_3, layout_rooms,
          dreamdust_ecumenical_altar_drowned_temple, serial_corexii_hall,
          corexii_hall_statues_i, chequers_hall_statues_corner_a
D:2:      layout_basic, basic_altar
D:3:      layout_basic, nicolae_ru_the_path_less_chosen, uniq_grinder

Skill      XL: |  1  2  3 |
---------------+----------+-----
Axes           | 3 |  3.7
Fighting       | 4 |  4.0
Shields        | 4 |  4.0
Armour         | |  3.9

Action                   |  1- 3 |  4- 6 || total
-------------------------+-------+-------++-------
Melee: War axe           |   102 |    14 ||   116
Armor: Scale mail        |    65 |     7 ||    72
Dodge: Dodged            |    64 |     9 ||    73
Block: Buckler           |    25 |     3 ||    28
